 Dungeon Crawl Stone Soup version 0.29-a0-323-g050149af67 (webtiles) character file.

Game seed: 13288627821353350323

10818 enile the Fighter (level 11, 0/120 HPs)
             Began as an Ogre Fire Elementalist on Apr 12, 2022.
             Was a Believer of Vehumet.
             Shot with an arrow by a centaur warrior (19 damage)
             ... on level 10 of the Dungeon.
             The game lasted 00:25:26 (16428 turns).

enile the Fighter (Ogre Fire Elementalist)         Turns: 16428, Time: 00:25:26

Health: 0/120      AC:  6    Str: 12 (14) XL:     11   Next: 68%
Magic:  23/23      EV: 14    Int: 16      God:    Vehumet [**....]
Gold:   1228       SH:  0    Dex: 18      Spells: 11/24 levels left

rFire   . . .      SeeInvis .   G - +2 falchion of Merearu {spect, rPois Str+4 Dex+3 Stlth+}
rCold   . . .      Faith    .   (no shield)
rNeg    . . .      Spirit   .   z - +2 robe {Will+}
rPois   +          Reflect  .   (helmet restricted)
rElec   .          Harm     .   (no cloak)
rCorr   .          Rampage  .   (gloves unavailable)
Will    +....                   (boots unavailable)
Stlth   +++.......              (no amulet)
HPRegen 0.30/turn               s - +4 ring of slaying
MPRegen 0.18/turn               j - +6 ring of dexterity

@: weak-willed
A: large, unfitting armour, tough skin 1, deterioration 1, dopey 2, high MP 1,
screaming 2, shaggy fur 1, weak 2, noise suppression
a: Renounce Religion


You were on level 10 of the Dungeon.
You worshipped Vehumet.
Vehumet was pleased with you.
You visited 3 branches of the dungeon, and saw 12 of its levels.

You collected 1228 gold pieces.

Inventory:

Hand Weapons
 c - a +5 vampiric falchion
 f - a +0 spear
 n - a +0 short sword
 G - the +2 falchion of Merearu (weapon) {spect, rPois Str+4 Dex+3 Stlth+}
   (You found it on level 9 of the Dungeon)

   When its wielder attacks, the weapon's spirit leaps out and strikes again.
   The spirit shares a part of any damage it takes with its wielder.
   Str:       It affects your strength (+4).
   Dex:       It affects your dexterity (+3).
   rPois:     It protects you from poison.
   Stlth:     It makes you more stealthy.
Armour
 a - a +0 robe
 z - a +2 robe of willpower (worn)
 D - a +2 robe of positive energy
Jewellery
 h - a ring of see invisible
 j - a +6 ring of dexterity (right hand)
 m - a ring of positive energy
 s - a +4 ring of slaying (left hand)
 A - a ring of poison resistance
 F - a +6 ring of dexterity
Wands
 q - a wand of paralysis (7)
 y - a wand of mindburst (8)
 C - a wand of polymorph (8)
Scrolls
 e - 2 scrolls of enchant armour
 l - a scroll of immolation
 o - 2 scrolls of fog
 u - a scroll of noise
 v - a scroll of holy word
 w - a scroll of silence
 B - 2 scrolls of vulnerability
 E - a scroll of identify
 H - a scroll of amnesia
 J - a scroll of torment {unknown}
Potions
 b - 5 potions of magic
 d - a potion of heal wounds
 g - 3 potions of cancellation
 i - 2 potions of might
 k - 2 potions of curing
 p - 3 potions of flight {unknown}
 r - a potion of lignification {unknown}
 x - 3 potions of haste {unknown}
 I - 2 potions of degeneration {unknown}


   Skills:
 - Level 11.0 Fighting
 - Level 9.0 Long Blades
 + Level 7.1 Dodging
 - Level 3.0 Stealth
 - Level 7.0 Spellcasting
 - Level 1.0 Conjurations
 - Level 3.0 Hexes
 - Level 7.0 Fire Magic


You had 11 spell levels left.
You knew the following spells:

 Your Spells              Type           Power      Damage    Failure   Level
a - Sticky Flame          Conj/Fire      18%        2d4       24%         4
b - Scorch                Fire           56%        2d7       1%          2
c - Inner Flame           Hex/Fire       21%        N/A       4%          3
d - Freeze                Ice            20%        1d4       12%         1
e - Static Discharge      Conj/Air       7%         N/A       16%         2
f - Foxfire               Conj/Fire      72%        2x1d7     2%          1

Your spell library contained the following spells:

 Spells                   Type           Power      Damage    Failure   Level
 Stone Arrow              Conj/Erth      14%        3d7       30%         3
 Conjure Flame            Conj/Fire      18%        6-21      7%          3
 Animate Skeleton         Necr           10%        N/A       12%         1
 Apportation              Tloc           10%        N/A       12%         1
 Sting                    Tmut/Pois      20%        1d4       12%         1
 Summon Small Mammal      Summ           20%        N/A       12%         1
 Ignite Poison            Fire/Tmut/Pois 13%        N/A       14%         3
 Poisonous Vapours        Pois/Air       10%        N/A       19%         2
 Portal Projectile        Hex/Tloc       20%        N/A       21%         3
 Flame Wave               Conj/Fire      18%        2d6       24%         4
 Call Canine Familiar     Summ           5%         N/A       36%         3
 Gell's Gravitas          Tloc           5%         N/A       36%         3
 Lesser Beckoning         Tloc           5%         N/A       36%         3
 Teleport Other           Tloc           5%         N/A       36%         3
 Leda's Liquefaction      Hex/Erth       5%         N/A       54%         4
 Olgreb's Toxic Radiance  Pois           5%         N/A       77%         4


Dungeon Overview and Level Annotations

Branches:
Dungeon (10/15)            Temple (1/1) D:7            Lair (1/6) D:9
    Orc: D:9-12

Altars:
Ashenzari
Cheibriados
Dithmenos
Elyvilon
Fedhas
Gozag
Hepliaklqana
Kikubaaqudgha
Makhleb
Nemelex Xobeh
Okawaru
Qazlal
Ru
Sif Muna
Trog
Uskayaw
Vehumet
Wu Jian
Xom
Yredelemnul
Zin
The Shining One

Shops:
D:2 [


Innate Abilities, Weirdness & Mutations

You are too large for most types of armour.
You have tough skin. (AC +1)
Your body sometimes deteriorates upon taking damage.
You are very dopey. (Int -4)
You have an increased reservoir of magic. (+10% MP)
You frequently scream uncontrollably at your foes.
You are covered in fur. (AC +1)
You are very weak. (Str -4)
You passively dampen the noise of your surroundings.


Message History

The centaur warrior hits you but does no damage.
The centaur warrior barely misses you.
You closely miss the centaur warrior.
The centaur warrior is lightly wounded.
Your +2 falchion of Merearu {spect, rPois Str+4 Dex+3 Stlth+} hits the centaur warrior!
The centaur warrior completely misses you.
The centaur warrior kicks you but does no damage.
The centaur warrior shoots an arrow.
The arrow hits you!!
Okay, then.
As you read the scroll of fog, it crumbles to dust.
The scroll dissolves into smoke.
The centaur warrior misses you.
The centaur warrior barely misses you. x2
The centaur warrior kicks you but does no damage.
You barely miss the centaur warrior.
The centaur warrior is moderately wounded.
Your +2 falchion of Merearu {spect, rPois Str+4 Dex+3 Stlth+} hits the centaur warrior but does no damage.
The centaur warrior hits you but does no damage.
The centaur warrior kicks you.
You hit the centaur warrior but do no damage.
The centaur warrior is moderately wounded.
Your +2 falchion of Merearu {spect, rPois Str+4 Dex+3 Stlth+} hits the centaur warrior!
The centaur warrior hits you but does no damage.
The centaur warrior kicks you but does no damage.
The centaur warrior shoots an arrow.
The arrow barely misses you.
You completely miss the centaur warrior.
You punch the centaur warrior.
The centaur warrior is heavily wounded.
Your +2 falchion of Merearu {spect, rPois Str+4 Dex+3 Stlth+} hits the centaur warrior!
The centaur warrior hits you but does no damage.
The centaur warrior kicks you.
The centaur warrior shoots an arrow.
The arrow closely misses you. The centaur warrior hits you.
The centaur warrior barely misses you.
The centaur warrior shoots an arrow.
The arrow hits you!!
* * * LOW HITPOINT WARNING * * *
The centaur warrior hits you!
* * * LOW HITPOINT WARNING * * *
The centaur warrior kicks you but does no damage.
The centaur warrior shoots an arrow.
The arrow hits you!!
You die...
Xom cackles wildly!

........##...###'###.# ## ##.
.######.##.#.#.....#.##.. .... .#
#.##.#.#.....#....#######.# .#
#.##...#.._..#..#.#)....#. .#
#.##...#.....#..#.#.#'#.#.
.######.##.#.#.....#..#.#.#.#.# .
...>....##.#.#######§.#.#D###.#.#
..######...c..c§§§§.....#.....#.
..###..>.#....§§@c§.....###+###.#
..............###.####..........#
..........##.####.# #...##.###..
..................# ##........#
..........##..##### #..###.##.#
.........###..# ##.....[..#
...##)..## #..#### #..#.####..#
#.####.## #.....# #...## ...
.......# ##.##.# #...# ..


You could see 2 centaur warriors.

Vanquished Creatures
  A rakshasa (D:10)
  3 two-headed ogres
  Pikel (D:6)
  Joseph (D:8)
  A cane toad (D:9)
  A komodo dragon (D:10)
  3 trolls
  A slime creature (D:6)
  2 hornets
  A wraith (D:9)
  2 steam dragons
  Menkaure (D:6)
  6 vampire mosquitoes
  2 water moccasins (D:7)
  A black bear (D:6)
  3 ice beasts
  2 orc warriors (D:10)
  4 sky beasts
  3 wolves (D:9)
  7 centaurs
  3 ogres
  2 phantoms
  4 lemures (D:6)
  Blork the orc (D:7)
  A bullfrog (D:8)
  A gnoll sergeant (D:10)
  A necrophage (D:4)
  2 scorpions
  8 wights (D:8)
  5 killer bees (D:8)
  5 howler monkeys
  6 jellies (D:6)
  3 hounds
  5 orc priests
  7 iguanas
  5 orc wizards
  4 gnolls
  8 adders
  2 shadow imps
  An ufetubus (D:5)
  3 worms
  5 dart slugs
  31 orcs
  11 ball pythons
  23 endoplasms
  4 giant cockroaches
  5 goblins
  4 hobgoblins
  2 quokkas
  5 bats
  3 frilled lizards
  13 kobolds
  4 rats
233 creatures vanquished.

Vanquished Creatures (collateral kills)
  A sky beast (D:7)
  5 orcs
  A foxfire (D:1)
7 creatures vanquished.

Vanquished Creatures (others)
  An orc wizard (D:3)
  463 foxfires
  A fungus (D:6)
  12 plants (D:10)
  A withered plant (D:1)
478 creatures vanquished.

Grand Total: 718 creatures vanquished

Notes
Turn   | Place    | Note
-------+----------+-------------------------------------------
     0 | D:1      | enile the Ogre Fire Elementalist began the quest for the
                  | Orb.
     0 | D:1      | Reached XP level 1. HP: 16/16 MP: 3/3
    34 | D:1      | Reached skill level 1 in Fighting
   121 | D:1      | Reached skill level 2 in Fighting
   121 | D:1      | Reached XP level 2. HP: 28/28 MP: 3/5
   207 | D:1      | Reached skill level 3 in Fighting
   368 | D:1      | Reached XP level 3. HP: 37/37 MP: 4/7
   664 | D:1      | Found a faded altar of an unknown god.
   844 | D:1      | Learned a level 2 spell: Scorch
   894 | D:1      | Prayed at the altar of an unknown god.
   894 | D:1      | Became a worshipper of Xom of Chaos
  1041 | D:2      | XOM: smoke on damage
  1098 | D:1      | XOM: divination: magic mapping
  1151 | D:2      | XOM: silly message
  1314 | D:2      | Reached XP level 4. HP: 45/45 MP: 9/9
  1358 | D:2      | Learned a level 3 spell: Inner Flame
  1729 | D:2      | Found Aludetih's Armour Shoppe.
  1854 | D:3      | Found an iron altar of Okawaru.
  1854 | D:3      | Found a glowing golden altar of the Shining One.
  1856 | D:3      | Found an ancient bone altar of Kikubaaqudgha.
  2345 | D:3      | XOM: cast spell 'Summon Mana Viper'
  2490 | D:3      | XOM: god gift: scroll labelled MITHRA DITAEF {god gift}
  2530 | D:3      | XOM: silly message
  2540 | D:3      | Reached XP level 5. HP: 53/53 MP: 2/11
  3110 | D:3      | Reached skill level 1 in Hexes
  3382 | D:3      | XOM: scenery: create altars
  3394 | D:3      | XOM: cloud trail
  3853 | D:4      | XOM is BORED!
  3853 | D:4      | XOM: noise
  3867 | D:4      | Noticed an ogre
  3873 | D:4      | XOM: confuse monster(s)
  3885 | D:4      | Reached skill level 1 in Conjurations
  3885 | D:4      | Reached XP level 6. HP: 40/61 MP: 1/13
  3912 | D:4      | Reached skill level 5 in Spellcasting
  3912 | D:4      | Reached skill level 1 in Long Blades
  3986 | D:4      | XOM: divination: detect creatures
  4217 | D:4      | You fall into a shaft and drop 3 floors!
  4226 | D:7      | Noticed an ice beast
  4229 | D:7      | Noticed a sky beast
  4233 | D:7      | Noticed a steam dragon
  4237 | D:7      | Noticed a sky beast
  4371 | D:7      | Found a staircase to the Ecumenical Temple.
  4371 | D:7      | Noticed an ice beast
  4371 | D:7      | XOM: 8-stop teleportation journey
  4472 | D:7      | XOM: cleaving
  4477 | D:7      | Killed an ice beast
  4477 | D:7      | XOM: destruction
  4478 | D:7      | Reached XP level 7. HP: 17/68 MP: 8/14
  4490 | D:7      | Reached skill level 4 in Fighting
  4668 | D:7      | Reached skill level 5 in Fighting
  4941 | D:7      | Reached skill level 6 in Fighting
  5065 | D:7      | Reached skill level 7 in Fighting
  5128 | D:7      | Reached XP level 8. HP: 64/87 MP: 6/15
  5320 | D:7      | XOM: summons friendly shadow imp
  5324 | D:7      | XOM: swap monsters
  5331 | D:7      | XOM: chaos cloud
  5504 | D:7      | Found a shimmering altar of Xom.
  5521 | D:7      | Found a blossoming altar of Fedhas.
  5521 | D:7      | XOM: 6-stop teleportation journey
  5554 | D:7      | XOM: 5-stop teleportation journey
  5619 | D:7      | XOM: give mutations
  5619 | D:7      | Gained mutation: You are covered in fur. (AC +1) [Xom's
                  | mischief]
  5619 | D:7      | Gained mutation: You possess an exceptional clarity of
                  | mind. [Xom's mischief]
  5619 | D:7      | Gained mutation: Your natural rate of healing is unusually
                  | fast. [Xom's mischief]
  5678 | D:7      | XOM: god gift: 523 gold pieces
  5680 | D:7      | XOM: torment (40/87 hp)
  5682 | D:7      | XOM: chaos cloud
  5685 | D:7      | XOM: stat loss: -1 Int (17/18)
  5837 | D:7      | XOM: noise
  5864 | D:7      | XOM: summons 4 hostile demons
  5915 | D:7      | XOM is BORED!
  5915 | D:7      | XOM: give mutations
  5915 | D:7      | Lost mutation: You possess an exceptional clarity of mind.
                  | [Xom's mischief]
  5915 | D:7      | Gained mutation: Your flesh is heat resistant. (rF+) [Xom's
                  | mischief]
  5974 | D:7      | XOM: enchant monster (bad)
  6125 | D:7      | XOM: give mutations
  6125 | D:7      | Gained mutation: You passively dampen the noise of your
                  | surroundings. [Xom's mischief]
  6125 | D:7      | Gained mutation: Your body sometimes deteriorates upon
                  | taking damage. [Xom's mischief]
  6199 | D:7      | Found a glowing silver altar of Zin.
  6200 | D:7      | Found an opulent altar of Gozag.
  6291 | D:7      | XOM: give mutations
  6291 | D:7      | Gained mutation: You are partially covered in iridescent
                  | scales. (AC +2) [Xom's mischief]
  6291 | D:7      | Gained mutation: You occasionally shout uncontrollably at
                  | your foes. [Xom's mischief]
  6291 | D:7      | Lost mutation: You are partially covered in iridescent
                  | scales. (AC +2) [Xom's mischief]
  6291 | D:7      | Lost mutation: Your natural rate of healing is unusually
                  | fast. [Xom's mischief]
  6291 | D:7      | Gained mutation: You do not regenerate when monsters are
                  | visible. [Xom's mischief]
  6368 | Temple   | Entered the Ecumenical Temple
  6570 | Temple   | Fell from the grace of Xom
  6570 | Temple   | Became a worshipper of Vehumet
  6626 | D:8      | XOM: summons 7 hostile demons
  6806 | D:8      | Reached skill level 8 in Fighting
  6852 | D:8      | Reached XP level 9. HP: 97/97 MP: 12/16
  6894 | D:8      | Reached skill level 9 in Fighting
  7110 | D:6      | Noticed Blork the orc
  7155 | D:6      | XOM: confusion
  7159 | D:7      | Killed Blork the orc
  7433 | D:6      | Noticed Menkaure
  7441 | D:6      | Killed Menkaure
  7481 | D:6      | Reached * piety under Vehumet
  7481 | D:6      | Offered knowledge of Freeze by Vehumet.
  7538 | D:6      | XOM: summons 1 hostile demon
  7824 | D:5      | Entered Level 5 of the Dungeon
  7940 | D:5      | Reached skill level 10 in Fighting
  8075 | D:5      | Learned a level 1 spell: Freeze
  8433 | D:4      | XOM: noise
  8522 | D:4      | XOM: give mutations
  8522 | D:4      | Gained mutation: You sometimes lose the ability to read
                  | scrolls when taking damage. [Xom's mischief]
  8522 | D:4      | Gained mutation: You frequently scream uncontrollably at
                  | your foes. [Xom's mischief]
  8522 | D:4      | Lost mutation: You do not regenerate when monsters are
                  | visible. [Xom's mischief]
  9101 | D:5      | XOM: give mutations
  9101 | D:5      | Lost mutation: Your flesh is heat resistant. (rF+) [Xom's
                  | mischief]
  9101 | D:5      | Gained mutation: Armour fits poorly on your strangely
                  | shaped body. [Xom's mischief]
  9101 | D:5      | Gained mutation: You are weak. (Str -2) [Xom's mischief]
  9143 | D:5      | Reached skill level 11 in Fighting
  9524 | D:6      | Offered knowledge of Static Discharge by Vehumet.
  9525 | D:6      | Reached ** piety under Vehumet
  9535 | D:6      | Reached XP level 10. HP: 54/113 MP: 13/20
  9538 | D:6      | Reached skill level 5 in Long Blades
  9620 | D:6      | XOM: divination: magic mapping
 10683 | D:6      | XOM: give mutations
 10683 | D:6      | Gained mutation: You are dopey. (Int -2) [Xom's mischief]
 10683 | D:6      | Gained mutation: You have an increased reservoir of magic.
                  | (+10% MP) [Xom's mischief]
 10683 | D:6      | Lost mutation: Armour fits poorly on your strangely shaped
                  | body. [Xom's mischief]
 10683 | D:6      | Lost mutation: You sometimes lose the ability to read
                  | scrolls when taking damage. [Xom's mischief]
 10877 | D:6      | Reached skill level 5 in Dodging
 10945 | D:6      | Noticed Pikel
 10968 | D:6      | Killed Pikel
 11581 | D:8      | XOM: give mutations
 11581 | D:8      | Lost mutation: You are dopey. (Int -2) [Xom's mischief]
 11581 | D:8      | Gained mutation: You are dopey. (Int -2) [Xom's mischief]
 11581 | D:8      | Gained mutation: You are very weak. (Str -4) [Xom's
                  | mischief]
 11606 | D:8      | Learned a level 2 spell: Static Discharge
 11907 | D:8      | Noticed Joseph
 11917 | D:8      | Killed Joseph
 11918 | D:8      | Reached skill level 5 in Fire Magic
 12271 | D:9      | Found an ornate altar of the Wu Jian Council.
 12373 | D:9      | Paralysed by a hornet for 1 turns
 12812 | D:9      | Found a staircase to the Lair.
 12900 | D:9      | Noticed a two-headed ogre
 12909 | D:9      | XOM: swap monsters
 12961 | D:9      | XOM: give mutation
 12961 | D:9      | Gained mutation: You are very dopey. (Int -4) [Xom's
                  | mischief]
 12980 | D:9      | Identified the +2 falchion of Merearu {spect, rPois Str+4
                  | Dex+3 Stlth+}
 13153 | D:9      | Killed a two-headed ogre
 13154 | D:9      | Reached XP level 11. HP: 96/120 MP: 19/23
 13263 | D:9      | XOM: polymorph orc -> adder
 13263 | D:9      | Was forgiven by Xom
 13447 | D:10     | Entered Level 10 of the Dungeon
 13462 | D:10     | Noticed a two-headed ogre
 13468 | D:10     | Killed a two-headed ogre
 13585 | D:10     | Noticed an orc knight
 13642 | Lair:1   | Entered Level 1 of the Lair of Beasts
 13801 | D:9      | Offered knowledge of Stone Arrow by Vehumet.
 15357 | D:10     | Noticed a two-headed ogre
 15363 | D:10     | Killed a two-headed ogre
 15507 | D:10     | Noticed a centaur warrior
 15644 | D:10     | Learned a level 4 spell: Sticky Flame
 15651 | D:10     | Noticed an eight-headed hydra
 15740 | D:10     | Noticed a rakshasa
 15754 | D:10     | Killed a rakshasa
 16000 | D:10     | Found a sacrificial altar of Ru.
 16107 | D:10     | Noticed a centaur warrior
 16428 | D:10     | Shot with an arrow by a centaur warrior

Illustrated notes

Levels and vault maps discovered:
D:1:      minmay_arrival_shoal_huts, layout_rooms,
          shapermc_ecumenical_altar_flowoftime
D:2:      layout_rooms, serial_shops, shop
D:3:      wad_river_or_something, layout_rooms, grunt_temple_overflow_open
D:4:      layout_loops_cross
D:5:      layout_loops_ring, chequers_mini_garden, corexii_hall_statues_s
D:6:      lemuel_slime, layout_rooms, uniq_menkaure, uniq_blork_the_orc,
          uniq_pikel
D:7:      layout_basic, mainiacjoe_overflow_paths, mainiacjoe_overflow_chevrons,
          grunt_temple_overflow_gold_and_silver, minmay_temple_entry_nine_rooms,
          minmay_diced_spiral
D:8:      layout_rooms, uniq_joseph
D:9:      layout_cave_pods, general_overflow_altar, lair_entry_dummy
D:10:     layout_loops_ring, amcnicky_altar_gilded, minmay_shattered_shrine
Temple:   dshaligram_water_room_temple
Lair:1:   hellmonk_ruined_rings, layout_hall_layers, cheibrodos_lair_lostbears,
          infiniplex_staircase_pool_2

Skill      XL: |  1  2  3  4  5  6  7  8  9 10 11 |
---------------+----------------------------------+-----
Fighting       | 2 3 7 8 11 | 11.0
Spellcasting   | 3 4 5 7 |  7.0
Fire Magic     | 3 4 7 |  7.0
Hexes          | 2 3 |  3.0
Conjurations   | 1 |  1.0
Long Blades    | 2 3 4 6 9 |  9.0
Dodging        | 4 6 7 |  7.1
Stealth        | 3 |  3.0

Action                   |  1- 3 |  4- 6 |  7- 9 | 10-12 || total
-------------------------+-------+-------+-------+-------++-------
Melee: Unarmed           |     3 |       |       |       ||     3
       Spear             |     5 |       |       |       ||     5
       Short sword       |    14 |     9 |       |       ||    23
       Falchion          |       |    18 |    96 |   123 ||   237
       Punch             |       |       |     1 |     2 ||     3
Throw: Throwing net      |       |       |     1 |       ||     1
 Cast: Foxfire           |    44 |    75 |    91 |    79 ||   289
       Scorch            |     7 |    40 |    88 |    34 ||   169
       Inner Flame       |       |       |     6 |    28 ||    34
       Sticky Flame      |       |       |       |     2 ||     2
Evoke: Wand              |       |       |       |     2 ||     2
  Use: Scroll            |       |     8 |     8 |    11 ||    27
       Potion            |       |     2 |     1 |     4 ||     7
 Stab: Distracted        |       |       |       |     4 ||     4
Armor: Robe              |     5 |    13 |    59 |    77 ||   154
Dodge: Dodged            |     7 |    32 |   135 |   175 ||   349

Table legend: (Time is in decaauts)
 A = Elapsed time spent in this place.
 B = Non-inter-level travel time spent in this place.
 C = Inter-level travel time spent in this place.
 D = Time resting spent in this place.
 E = Time spent auto-exploring this place.
 F = Levels seen in this place.
 G = Mean time per level.
                   A        B        C        D        E       F      G
               +--------+--------+--------+--------+--------+-----+--------+
         Total |  16465 |  15744 |    721 |   1819 |  11630 |  12 | 1372.1 |
       Dungeon |  16246 |  15536 |    710 |   1819 |  11530 |  10 | 1624.6 |
        Temple |    211 |    202 |      9 |      0 |    100 |   1 |  211.0 |
          Lair |      6 |      6 |      0 |      0 |      0 |   1 |    6.0 |
               +--------+--------+--------+--------+--------+-----+--------+

Top non-repeatable levels by time:
     D:9: 2562 daAuts
     D:7: 2473 daAuts
     D:5: 1880 daAuts
     D:6: 1684 daAuts
    D:10: 1594 daAuts
     D:3: 1555 daAuts
     D:8: 1474 daAuts
     D:4: 1173 daAuts
     D:1: 991 daAuts
     D:2: 856 daAuts
  Temple: 211 daAuts
  Lair:1: 6 daAuts
